 Dungeon Crawl Stone Soup version 0.29.1-14-g9c671dbff4 (webtiles) character file.

Game seed: 5894427705445105986

26 Heoruswealwe the Caller (level 2, -4/15 HPs)
             Began as a Deep Elf Summoner on Feb 15, 2023.
             Slain by a gnoll
             ... wielding a +0 flail
              (12 damage)
             ... on level 1 of the Dungeon.
             The game lasted 00:08:11 (691 turns).

Heoruswealwe the Caller (Deep Elf Summoner)          Turns: 691, Time: 00:08:12

Health: -4/15      AC:  2    Str:  5    XL:     2   Next: 89%
Magic:  3/8        EV: 12    Int: 19    God:
Gold:   30         SH:  0    Dex: 15    Spells: 5/7 levels left

rFire   . . .      SeeInvis .   e - +0 dagger
rCold   . . .      Faith    .   (no shield)
rNeg    . . .      Spirit   .   a - +0 robe
rPois   .          Reflect  .   (no helmet)
rElec   .          Harm     .   (no cloak)
rCorr   .          Rampage  .   (no gloves)
Will    .....                   (no boots)
Stlth   ++........              (no amulet)
HPRegen 0.05/turn               (no ring)
MPRegen 0.11/turn               (no ring)

@: no status effects
A: no striking features
a: no special abilities


You were on level 1 of the Dungeon.
You visited 1 branch of the dungeon, and saw 1 of its levels.

You collected 30 gold pieces.

Inventory:

Hand Weapons
 d - a +0 sling
 e - a +0 dagger (weapon)
 f - a +0 dagger
 g - a +0 club
 h - a +0 whip
 i - a +0 whip
 l - a +0 short sword
 m - a +0 dagger
 n - a +0 short sword
 o - a +0 short sword
Armour
 a - a +0 robe (worn)
Scrolls
 c - a scroll of butterflies {unknown}
 j - a scroll of identify {unknown}
Potions
 b - a potion of magic
 k - a potion of lignification {unknown}


   Skills:
 + Level 0.2 Fighting
 + Level 0.2 Long Blades
 + Level 2.4 Dodging
 + Level 2.4 Stealth
 * Level 3.3 Spellcasting
 + Level 0.4 Conjurations
 + Level 0.1 Hexes
 * Level 4.6 Summonings
 + Level 0.1 Necromancy
 + Level 0.1 Translocations
 + Level 0.1 Transmutations
 + Level 0.1 Fire Magic
 + Level 0.1 Ice Magic
 + Level 0.1 Air Magic
 + Level 0.4 Earth Magic
 + Level 0.1 Poison Magic
 + Level 0.4 Invocations
 + Level 0.1 Evocations


You had 5 spell levels left.
You knew the following spells:

 Your Spells              Type           Power      Damage    Failure   Level
a - Summon Small Mammal   Summ           80%        N/A       2%          1
b - Magic Dart            Conj           16%        1d3       12%         1

Your spell library contained the following spells:

 Spells                   Type           Power      Damage    Failure   Level
 Call Imp                 Summ           20%        N/A       3%          2
 Call Canine Familiar     Summ           20%        N/A       6%          3
 Summon Guardian Golem    Hex/Summ       12%        N/A       16%         3
 Mephitic Cloud           Conj/Pois/Air  4%         N/A       38%         3
 Summon Lightning Spire   Summ/Air       12%        N/A       50%         4


Dungeon Overview and Level Annotations

Branches:
Dungeon (1/15)

Altars:


Message History

Casting: Summon Small Mammal (safe; 2% risk of failure)
Confirm with . or Enter, or press ? or * to list all spells.
You swap places.
Your quokka bites the rat.
The rat bites your quokka but does no damage.
Your quokka bites the rat.
The rat dies!
Your quokka closely misses the gnoll.
The gnoll hits your quokka with a +0 flail.
Your quokka dies!
Your quokka's corpse disappears in a puff of smoke!
Casting: Summon Small Mammal (safe; 2% risk of failure)
Confirm with . or Enter, or press ? or * to list all spells.
You swap places.
The gnoll hits your quokka with a +0 flail.
Your quokka bites the gnoll.
Your quokka closely misses the gnoll.
The gnoll completely misses your quokka.
Your quokka bites the gnoll but does no damage.
The gnoll hits your quokka with a +0 flail!
Your quokka dies!
Your quokka's corpse disappears in a puff of smoke!
The gnoll shouts!
Casting: Summon Small Mammal (safe; 2% risk of failure)
Confirm with . or Enter, or press ? or * to list all spells.
Your rat closely misses the gnoll.
The gnoll closely misses your rat.
Your rat barely misses the gnoll.
The gnoll hits your rat with a +0 flail.
Your rat dies!
Your rat's corpse disappears in a puff of smoke!
Casting: Summon Small Mammal (safe; 2% risk of failure)
Confirm with . or Enter, or press ? or * to list all spells.
Your quokka barely misses the gnoll.
Your quokka barely misses the gnoll.
Casting: Summon Small Mammal (safe; 2% risk of failure)
Confirm with . or Enter, or press ? or * to list all spells.
The gnoll closely misses you.
Your quokka bites the gnoll but does no damage.
The gnoll attacks as you move away! The gnoll hits you with a +0 flail!
Ouch! That really hurt!
You die...

#...#...##†# .. .
#..#.#..##.#######......#
#.##.##.##...............
#.#...#.##...............
#..###†.##...............
#.#...#.###..............
#.##.##..##..............
#.†###..r##..............
##......@gr..............
##.....#####'#######..†.
####### #.# #.'.... #.#
#.#.... #.#####.##.##
#.......##.# #.#.....##.#
###.###.##.# #..##.##.##


You could see a gnoll (ally target) and 2 friendly quokkas.

Vanquished Creatures
  A bat (D:1)
  A giant cockroach (D:1)
  A kobold (D:1)
3 creatures vanquished.

Vanquished Creatures (collateral kills)
  A dart slug (D:1)
  2 ball pythons (D:1)
  2 endoplasms (D:1)
  A goblin (D:1)
  4 jackals (D:1)
  A quokka (D:1)
  2 bats (D:1)
  A frilled lizard (D:1)
  3 kobolds (D:1)
  3 rats (D:1)
20 creatures vanquished.

Grand Total: 23 creatures vanquished

Notes
Turn   | Place    | Note
-------+----------+-------------------------------------------
     0 | D:1      | Heoruswealwe the Deep Elf Summoner began the quest for the
                  | Orb.
     0 | D:1      | Reached XP level 1. HP: 10/10 MP: 6/6
   306 | D:1      | Reached XP level 2. HP: 15/15 MP: 6/8
   638 | D:1      | Learned a level 1 spell: Magic Dart
   691 | D:1      | Slain by a gnoll

Illustrated notes

Levels and vault maps discovered:
D:1:      matt_arrival_spirals, layout_basic, minivault_24, minmay_ruptured

Action                   || total
-------------------------++-------
Melee: Dagger            ||    23
 Cast: Summon Small Mamm ||    29
Armor: Robe              ||    11
Dodge: Dodged            ||    37
